% Time on Ice - COLORADO GLACIERCATS
Lines # - Real PCT - Wanted PCT - Time Play
Normal Forward
1 - 34% - 36% - 20:30
2 - 35% - 33% - 20:51
3 - 26% - 27% - 15:19
4 - 6% - 4% - 3:20
Normal Defense
1 - 33% - 34% - 19:59
2 - 34% - 34% - 20:39
3 - 25% - 25% - 14:54
4 - 7% - 7% - 4:28
PP Forward
1 - 0% - 55%
2 - 0% - 45%
PP Defense
1 - 0% - 60%
2 - 0% - 40%
PK Forward
1 - 0% - 50%
2 - 0% - 50%
PK Defense
1 - 0% - 50%
2 - 0% - 50%
PK3 Forward
1 - 0% - 50%
2 - 0% - 50%
PK3 Defense
1 - 0% - 50%
2 - 0% - 50%
44 Forward
1 - 0% - 50%
2 - 0% - 50%
44 Defense
1 - 0% - 45%
2 - 0% - 55%
Last Minute Offensive  - 0:00
Last Minute Defensive  - 0:00
Total
Forward - 60:00
Defense - 60:00
% Time on Ice - NORTH DAKOTA HAWKS
Lines # - Real PCT - Wanted PCT - Time Play
Normal Forward
1 - 31% - 32% - 18:38
2 - 27% - 28% - 16:20
3 - 28% - 27% - 16:39
4 - 14% - 13% - 8:23
Normal Defense
1 - 47% - 37% - 28:17
2 - 23% - 35% - 13:48
3 - 19% - 18% - 11:32
4 - 11% - 10% - 6:23
PP Forward
1 - 0% - 60%
2 - 0% - 40%
PP Defense
1 - 0% - 60%
2 - 0% - 40%
PK Forward
1 - 0% - 70%
2 - 0% - 30%
PK Defense
1 - 0% - 70%
2 - 0% - 30%
PK3 Forward
1 - 0% - 70%
2 - 0% - 30%
PK3 Defense
1 - 0% - 70%
2 - 0% - 30%
44 Forward
1 - 0% - 55%
2 - 0% - 45%
44 Defense
1 - 0% - 55%
2 - 0% - 45%
Last Minute Offensive  - 0:00
Last Minute Defensive  - 0:00
Total
Forward - 60:00
Defense - 60:00
Play-by-Play 1st period 0:01 of 1st period - Nazem Kadri wins face-off versus Tage Thompson in neutral zone. 1:28 of 1st period - Shot by Nick Suzuki. 1:28 of 1st period - Shot Misses the Net. 1:30 of 1st period - Shot by Nick Suzuki. 1:30 of 1st period - Deflect By Alex Killorn. 1:30 of 1st period - Stopped by Marc-Andre Fleury with a rebound. 1:32 of 1st period - Shot by Alex Killorn. 1:32 of 1st period - Goal by Alex Killorn - COLORADO GLACIERCATS : 0 - NORTH DAKOTA HAWKS : 1. 1:33 of 1st period - Jack Hughes wins face-off versus Dominik Simon in neutral zone. 1:58 of 1st period - Shot by Jamie Benn. 1:58 of 1st period - Shot Misses the Net. 2:28 of 1st period - Shot by Tage Thompson. 2:28 of 1st period - Stopped by Carter Hart without a rebound. 2:29 of 1st period - Sam Reinhart wins face-off versus Frank Vatrano in NORTH DAKOTA HAWKS zone. 2:38 of 1st period - Sam Reinhart is hit by Nic Dowd and loses puck. 2:46 of 1st period - Icing by Vladislav Gavrikov. 2:47 of 1st period - Nick Suzuki wins face-off versus Tomas Hertl in COLORADO GLACIERCATS zone. 3:07 of 1st period - Icing by Sam Reinhart. 3:08 of 1st period - Nic Dowd wins face-off versus Tomas Hertl in COLORADO GLACIERCATS zone. 3:26 of 1st period - Shot by Brayden Schenn. 3:26 of 1st period - Stopped by Carter Hart without a rebound. 3:27 of 1st period - Nick Suzuki wins face-off versus Tage Thompson in NORTH DAKOTA HAWKS zone. 3:36 of 1st period - Shot by Alex Killorn. 3:36 of 1st period - Deflect By Jordan Kyrou. 3:36 of 1st period - Shot Misses the Net. 3:47 of 1st period - Icing by Vince Dunn. 3:48 of 1st period - Tage Thompson wins face-off versus Nazem Kadri in COLORADO GLACIERCATS zone. 4:10 of 1st period - Alex Iafallo is hit by Marc Staal and loses puck. 4:15 of 1st period - Shot by Tage Thompson. 4:15 of 1st period - Stopped by Carter Hart without a rebound. 4:16 of 1st period - Linus Sandin wins face-off versus Jack Hughes in NORTH DAKOTA HAWKS zone. 4:24 of 1st period - Icing by Cale Makar. 4:25 of 1st period - Tomas Hertl wins face-off versus Jack Hughes in NORTH DAKOTA HAWKS zone. 4:28 of 1st period - Shot by Sam Reinhart. 4:28 of 1st period - Stopped by Carter Hart with a rebound. 4:32 of 1st period - Shot by Tomas Hertl. 4:32 of 1st period - Shot Misses the Net. 5:10 of 1st period - Shot by Sam Reinhart. 5:10 of 1st period - Shot Misses the Net. 5:26 of 1st period - Jake DeBrusk is hit by Jamie Benn and loses puck. 5:35 of 1st period - Shot by Dominik Simon. 5:35 of 1st period - Stopped by Carter Hart with a rebound. 5:37 of 1st period - Shot by Jamie Benn. 5:37 of 1st period - Stopped by Carter Hart without a rebound. 5:38 of 1st period - Tage Thompson wins face-off versus Nick Suzuki in NORTH DAKOTA HAWKS zone. 6:04 of 1st period - Shot by Jordan Kyrou. 6:04 of 1st period - Deflect By Nick Suzuki. 6:04 of 1st period - Shot Blocked by Mario Ferraro. 8:23 of 1st period - Off-side. 8:24 of 1st period - Tage Thompson wins face-off versus Nic Dowd in neutral zone. 8:31 of 1st period - Icing by Mathew Dumba. 8:32 of 1st period - Nic Dowd wins face-off versus Tage Thompson in NORTH DAKOTA HAWKS zone. 8:37 of 1st period - Shot by Tage Thompson. 8:37 of 1st period - Deflect By Blake Wheeler. 8:37 of 1st period - Shot Misses the Net. 8:39 of 1st period - Shot by Alex Iafallo. 8:39 of 1st period - Shot Blocked by Frank Vatrano. 8:41 of 1st period - Shot by Alex Iafallo. 8:41 of 1st period - Shot Misses the Net. 9:56 of 1st period - Shot by Jordan Kyrou. 9:56 of 1st period - Shot Misses the Net. 9:58 of 1st period - Shot by Jordan Kyrou. 9:58 of 1st period - Shot Blocked by Devon Toews. 10:00 of 1st period - Shot by Cale Makar. 10:00 of 1st period - Stopped by Marc-Andre Fleury without a rebound. 10:01 of 1st period - Jack Hughes wins face-off versus Tomas Hertl in COLORADO GLACIERCATS zone. 10:39 of 1st period - Shot by Jake DeBrusk. 10:39 of 1st period - Deflect By Reyley Smith. 10:39 of 1st period - Shot Misses the Net. 10:41 of 1st period - Shot by Cale Makar. 10:41 of 1st period - Shot Blocked by Kristopher Letang. 11:19 of 1st period - Icing by Nick Holden. 11:20 of 1st period - Nick Suzuki wins face-off versus Dominik Simon in NORTH DAKOTA HAWKS zone. 12:09 of 1st period - Off-side. 12:10 of 1st period - Tage Thompson wins face-off versus Nazem Kadri in neutral zone. 12:24 of 1st period - Icing by Patrick Kane. 12:25 of 1st period - Nazem Kadri wins face-off versus Tomas Hertl in NORTH DAKOTA HAWKS zone. 12:40 of 1st period - Shot by Brayden Schenn. 12:40 of 1st period - Shot Blocked by Cale Makar. 12:40 of 1st period - Cale Makar from NORTH DAKOTA HAWKS is injured at 12:40 of 1st period (Bruised Right Foot). 12:41 of 1st period - Tage Thompson wins face-off versus Jack Hughes in NORTH DAKOTA HAWKS zone. 13:00 of 1st period - Shot by Tage Thompson. 13:00 of 1st period - Stopped by Carter Hart with a rebound. 13:54 of 1st period - Shot by Jamie Benn. 13:54 of 1st period - Shot Misses the Net. 13:57 of 1st period - Icing by Ryan Lindgren. 13:58 of 1st period - Nazem Kadri wins face-off versus Tomas Hertl in NORTH DAKOTA HAWKS zone. 14:05 of 1st period - Shot by Patrick Kane. 14:05 of 1st period - Stopped by Marc-Andre Fleury without a rebound. 14:06 of 1st period - Nick Suzuki wins face-off versus Tomas Hertl in COLORADO GLACIERCATS zone. 14:23 of 1st period - Shot by Jordan Kyrou. 14:23 of 1st period - Deflect By Alex Killorn. 14:23 of 1st period - Shot Blocked by Sam Reinhart. 14:25 of 1st period - Shot by Ryan Lindgren. 14:25 of 1st period - Shot Misses the Net. 14:29 of 1st period - Shot by Alex Killorn. 14:29 of 1st period - Deflect By Nick Suzuki. 14:29 of 1st period - Stopped by Marc-Andre Fleury with a rebound. 14:31 of 1st period - Shot by Jordan Kyrou. 14:31 of 1st period - Stopped by Marc-Andre Fleury without a rebound. 14:32 of 1st period - Nazem Kadri wins face-off versus Tage Thompson in COLORADO GLACIERCATS zone. 14:32 of 1st period - Jason Robertson is hit by Luke Schenn and loses puck. 15:30 of 1st period - Icing by Jamie Benn. 15:31 of 1st period - Nick Suzuki wins face-off versus Dominik Simon in COLORADO GLACIERCATS zone. 15:40 of 1st period - Shot by Alex Killorn. 15:40 of 1st period - Shot Misses the Net. 16:20 of 1st period - Shot by Brayden Schenn. 16:20 of 1st period - Shot Misses the Net. 16:22 of 1st period - Shot by Tomas Hertl. 16:22 of 1st period - Shot Misses the Net. 16:24 of 1st period - Shot by Mario Ferraro. 16:24 of 1st period - Shot Misses the Net. 16:34 of 1st period - Shot by Brayden Schenn. 16:34 of 1st period - Stopped by Carter Hart without a rebound. 16:35 of 1st period - Tage Thompson wins face-off versus Jack Hughes in NORTH DAKOTA HAWKS zone. 16:56 of 1st period - Shot by Jake DeBrusk. 16:56 of 1st period - Stopped by Marc-Andre Fleury with a rebound. 17:33 of 1st period - Icing by Sam Reinhart. 17:34 of 1st period - Tomas Hertl wins face-off versus Nic Dowd in COLORADO GLACIERCATS zone. 17:51 of 1st period - Shot by Brayden Schenn. 17:51 of 1st period - Shot Blocked by Nick Holden. 18:39 of 1st period - Shot by Patrick Kane. 18:39 of 1st period - Stopped by Marc-Andre Fleury with a rebound. 19:13 of 1st period - Sam Reinhart is hit by Alex Killorn and loses puck. Goals for this period are 0 for COLORADO GLACIERCATS vs 1 for NORTH DAKOTA HAWKS. Shots for this period are 8 for COLORADO GLACIERCATS vs 8 for NORTH DAKOTA HAWKS. 2nd period 0:01 of 2nd period - Tage Thompson wins face-off versus Jack Hughes in neutral zone. 0:05 of 2nd period - Kristopher Letang is hit by Jake DeBrusk and loses puck. 0:54 of 2nd period - Icing by Kristopher Letang. 0:55 of 2nd period - Nazem Kadri wins face-off versus Tage Thompson in COLORADO GLACIERCATS zone. 1:03 of 2nd period - Luke Schenn is hit by Jason Robertson. 1:34 of 2nd period - Icing by Nazem Kadri. 1:35 of 2nd period - Tomas Hertl wins face-off versus Jason Robertson in NORTH DAKOTA HAWKS zone. 2:17 of 2nd period - Brayden Schenn is hit by Patrick Kane. 2:42 of 2nd period - Shot by Alex Killorn. 2:42 of 2nd period - Shot Misses the Net. 2:44 of 2nd period - Shot by Alex Killorn. 2:44 of 2nd period - Shot Misses the Net. 2:52 of 2nd period - Shot by Nick Suzuki. 2:52 of 2nd period - Stopped by Marc-Andre Fleury without a rebound. 2:53 of 2nd period - Jack Hughes wins face-off versus Dominik Simon in COLORADO GLACIERCATS zone. 2:58 of 2nd period - Shot by Reyley Smith. 2:58 of 2nd period - Stopped by Marc-Andre Fleury without a rebound. 2:59 of 2nd period - Nic Dowd wins face-off versus Dominik Simon in COLORADO GLACIERCATS zone. 2:59 of 2nd period - Dillon Dube is hit by Vince Dunn and loses puck. 3:20 of 2nd period - Shot by Jamie Benn. 3:20 of 2nd period - Stopped by Carter Hart with a rebound. 3:27 of 2nd period - Dillon Dube is hit by Vince Dunn and loses puck. 3:33 of 2nd period - Icing by Vince Dunn. 3:34 of 2nd period - Dominik Simon wins face-off versus Jack Hughes in COLORADO GLACIERCATS zone. 4:10 of 2nd period - Reyley Smith is hit by Luke Schenn and loses puck. 5:54 of 2nd period - Shot by Matthew Highmore. 5:54 of 2nd period - Stopped by Carter Hart without a rebound. 5:55 of 2nd period - Tage Thompson wins face-off versus Nazem Kadri in NORTH DAKOTA HAWKS zone. 7:35 of 2nd period - Shot by Patrick Kane. 7:35 of 2nd period - Stopped by Marc-Andre Fleury without a rebound. 7:36 of 2nd period - Tomas Hertl wins face-off versus Nazem Kadri in COLORADO GLACIERCATS zone. 7:47 of 2nd period - Off-side. 7:48 of 2nd period - Tomas Hertl wins face-off versus Nick Suzuki in neutral zone. 7:56 of 2nd period - Shot by Sam Reinhart. 7:56 of 2nd period - Shot Misses the Net. 7:58 of 2nd period - Shot by Sam Reinhart. 7:58 of 2nd period - Deflect By Tomas Hertl. 7:58 of 2nd period - Shot Blocked by Ryan Lindgren. 8:00 of 2nd period - Shot by Brayden Schenn. 8:00 of 2nd period - Stopped by Carter Hart with a rebound. 8:30 of 2nd period - Shot by Sam Reinhart. 8:30 of 2n